AoeStats
← OptimusPrime

Arabia

511084865Analyzed
1v1 RM · 6h ago on Oct 3, 2026· 55m 18s· 2 players
Game mode
Random Map
Map size
Tiny (2 player)
Population
200
Speed
Normal
Resources
Standard
Victory
Conquest
Starting age
Dark Age
Ending age
Imperial Age
RankedLock teamsTeams togetherTeam positionsShared explorationLock speedFull tech treeHidden civsTurbo modeCheats
Victory
Defeat
🇹🇷 Jurchens · Türkiye
1101
+15
🇪🇸 Romans · Spain
1078
-15
Lasombra D.
3:00 Loom
11:20 Feudal Age
11:22 Man-at-Arms
13:01 Scale Mail Armor
24:00 Castle Age
23:18 Forging
23:05 Double-Bit Axe
23:35 Horse Collar
24:42 Pikeman
25:23 Squires
24:45 Long Swordsman
26:40 Chain Mail Armor
30:51 Padded Archer Armor
30:42 Fletching
32:29 Wheelbarrow
32:42 Leather Archer Armor
32:25 Bodkin Arrow
33:00 Elite Skirmisher
37:13 Bow Saw
38:17 Leather Archer Armor
38:37 Iron Casting
39:08 Heavy Plow
42:26 Hand Cart
41:57 Town Watch
47:31 Imperial Age
48:09 Legionary
48:10 Halberdier
52:52 Blast Furnace
52:24 Ring Archer Armor
52:45 Ballistics
53:26 Chemistry
52:32 Siege Engineers
OptimusPrime
10:12 Feudal Age
8:28 Loom
12:05 Horse Collar
13:12 Double-Bit Axe
17:09 Bloodlines
28:56 Castle Age
27:57 Padded Archer Armor
29:26 Fletching
29:01 Crossbowman
30:34 Gold Mining
31:45 Husbandry
34:19 Heavy Plow
37:04 Wheelbarrow
37:36 Gold Shaft Mining
37:03 Light Cavalry
44:08 Hand Cart
46:57 Light Cavalry
50:46 Imperial Age
52:29 Leather Archer Armor
52:20 Hussar
Connection lost

Rejoining the realm…

Still unreachable

The connection could not be restored.

Session expired

The server has moved on; the page needs a fresh start.